[Event "Chile Championship Women 2022"]
[Site "Las Condes"]
[Date "2022.02.23"]
[Round "7.1"]
[White "Luna Benalcazar, Gianella"]
[Black "Sanchez Tobar, Francisca Valentina"]
[Result "0-1"]
[ECO "A42"]
[WhiteElo "1736"]
[BlackElo "1837"]
[Annotator "NA RC"]
[PlyCount "84"]
[EventDate "2022.02.18"]
[EventType "tourn"]
[EventCountry "CHI"]
[SourceTitle "playchess.com"]
[Source "ChessBase"]
[SourceQuality "1"]
[TimeControl "5400+30"]

1. d4 Nf6 2. c4 d6 3. Nc3 e5 4. d5 g6 5. e4 Bg7 6. h3 Nbd7 7. Be3 Nc5 8. Qc2 a5 9. Be2 O-O 10. g4 Rb8 11. b3 Ne8 12. g5 f5 13. gxf6 Bxf6 14. Nf3 Ng7 15. Bh6 Rf7 16. Bxg7 Bxg7 17. Rb1 Qf8 18. Qd1 Rf4 19. Nd2 Rxf2 20. Nf3 Rg2 21. Bf1 Rg3 22. Kf2 Rg5 23. Qd2 Rh5 24. a3 Bh6 25. Qe2 Rh4 26. b4 axb4 27. axb4 Na6 28. Kg2 Rf4 29. Qd3 Bd7 30. Be2 Qe7 31. Nd1 Rxe4 32. Nf2 Rf4 33. Qc3 e4 34. Nh2 Rbf8 35. Nhg4 Bg7 36. Qg3 h5 37. Nh6+ Bxh6 38. Qxg6+ Qg7 39. Qxg7+ Bxg7 40. Nd1 R4f5 41. Bf1 Be5 42. Rg1 Rxf1 0-1

[Event "Chile Championship Women 2022"]
[Site "Las Condes"]
[Date "2022.02.23"]
[Round "7.3"]
[White "Reyes Jara, Paula"]
[Black "Araos Diaz, Constanza Paz"]
[Result "1-0"]
[ECO "B01"]
[WhiteElo "1880"]
[BlackElo "1435"]
[Annotator "NA RC"]
[PlyCount "119"]
[EventDate "2022.02.18"]
[EventType "tourn"]
[EventCountry "CHI"]
[SourceTitle "playchess.com"]
[Source "ChessBase"]
[SourceQuality "1"]
[TimeControl "5400+30"]

1. e4 d5 2. exd5 Qxd5 3. Nc3 Qd6 4. d4 Nf6 5. Nf3 Bg4 6. h3 Bxf3 7. Qxf3 c6 8. Bf4 Qd8 9. O-O-O e6 10. Bc4 Nd5 11. Bd2 Nxc3 12. Bxc3 Qg5+ 13. Kb1 Be7 14. Rhe1 O-O 15. Re4 g6 16. h4 Qh6 17. Bd2 Qg7 18. h5 Nd7 19. hxg6 fxg6 20. Bxe6+ Kh8 21. Qh3 Nf6 22. Ree1 Nh5 23. Bc3 Nf4 24. Qg3 Nxe6 25. Rxe6 Bf6 26. Rxf6 Rxf6 27. d5 Kg8 28. dxc6 bxc6 29. Bxf6 Qxf6 30. Qb3+ Qf7 31. Qxf7+ Kxf7 32. Rd7+ Kg8 33. Kc1 Rf8 34. f3 Rf7 35. Rd6 Rc7 36. Kd2 Kf7 37. c4 c5 38. Rd5 Ke6 39. Kc3 Rc6 40. Rd8 Ra6 41. a3 h5 42. Rd5 Ra5 43. Kd3 Kf6 44. Ke4 g5 45. Rd6+ Kg7 46. Kd5 g4 47. fxg4 hxg4 48. Rc6 Kf7 49. Rxc5 Ra6 50. Rc6 Ra5+ 51. c5 Rb5 52. b4 a5 53. Rb6 Rxb6 54. cxb6 axb4 55. axb4 Kf6 56. b7 Kf5 57. b8=Q Kg5 58. Ke5 g3 59. Qg8+ Kh4 60. Kf5 1-0

[Event "Chile Championship Women 2022"]
[Site "Las Condes"]
[Date "2022.02.23"]
[Round "7.5"]
[White "Lemus Pena, Macarena"]
[Black "Vildosola Canales, Melany Selena"]
[Result "1-0"]
[ECO "A15"]
[WhiteElo "1703"]
[BlackElo "1645"]
[Annotator "NA RC"]
[PlyCount "57"]
[EventDate "2022.02.18"]
[EventType "tourn"]
[EventCountry "CHI"]
[SourceTitle "playchess.com"]
[Source "ChessBase"]
[SourceQuality "1"]
[TimeControl "5400+30"]

1. Nf3 Nf6 2. c4 g6 3. b4 Bg7 4. Bb2 O-O 5. g3 d5 6. cxd5 Nxd5 7. Bxg7 Kxg7 8. Qb3 Be6 9. Ng5 Bc8 10. Nc3 Nf6 11. Bg2 h6 12. Nf3 Nbd7 13. O-O Nb6 14. d3 Be6 15. Qb2 Rc8 16. b5 Qd6 17. Ne4 Qd8 18. Nc5 Rb8 19. Nxe6+ fxe6 20. a4 Qd6 21. Ne5 Kh7 22. d4 Nbd5 23. Rfd1 a5 24. Qc2 Rg8 25. e4 Nb4 26. Qd2 Rg7 27. Nc4 Qd8 28. Nxa5 c5 29. Nb3 1-0

[Event "Chile Championship Women 2022"]
[Site "Las Condes"]
[Date "2022.02.24"]
[Round "8.1"]
[White "Toro Pradenas, Maria Jose"]
[Black "Lemus Pena, Macarena"]
[Result "0-1"]
[ECO "C11"]
[WhiteElo "1979"]
[BlackElo "1703"]
[Annotator "RC"]
[PlyCount "114"]
[EventDate "2022.02.18"]
[EventType "tourn"]
[EventCountry "CHI"]
[SourceTitle "playchess.com"]
[Source "ChessBase"]
[SourceQuality "1"]
[TimeControl "5400+30"]

1. e4 e6 2. d4 d5 3. Nc3 Nf6 4. e5 Nfd7 5. f4 c5 6. Nf3 Nc6 7. Be3 cxd4 8. Nxd4 Bc5 9. Qd2 O-O 10. Na4 Bxd4 11. Bxd4 Nxd4 12. Qxd4 Qc7 13. Bd3 a6 14. b3 b5 15. Nc3 Nc5 16. O-O Nxd3 17. cxd3 Qa7 18. Ne2 Bd7 19. Rac1 b4 20. Qxa7 Rxa7 21. Nd4 a5 22. Rf2 Rb8 23. Rfc2 h6 24. Rc7 Rbb7 25. Rxb7 Rxb7 26. Kf2 Kf8 27. Ke3 Ke8 28. g4 Kd8 29. h4 f6 30. g5 fxe5 31. fxe5 hxg5 32. hxg5 Ke7 33. Kf4 a4 34. g6 Be8 35. Kg5 axb3 36. axb3 Ra7 37. Rc8 Ra1 38. Rc7+ Bd7 39. Nc6+ Ke8 40. Nb8 Rg1+ 41. Kf4 Bb5 42. Rxg7 Bxd3 43. Rg8+ Ke7 44. Nc6+ Kd7 45. Nxb4 Rxg6 46. Rxg6 Bxg6 47. Kg5 Bf5 48. Kf6 d4 49. Na2 Bb1 50. Nc1 d3 51. Nxd3 Bxd3 52. Kg5 Kc6 53. Kf4 Kd5 54. Ke3 Bb5 55. b4 Kxe5 56. Kd2 Ke4 57. Ke1 Ke3 0-1

[Event "Chile Championship Women 2022"]
[Site "Las Condes"]
[Date "2022.02.24"]
[Round "8.2"]
[White "Araos Diaz, Constanza Paz"]
[Black "Morales Flores, Monserrat"]
[Result "1/2-1/2"]
[ECO "A47"]
[WhiteElo "1435"]
[BlackElo "1943"]
[Annotator "RC"]
[PlyCount "63"]
[EventDate "2022.02.18"]
[EventType "tourn"]
[EventCountry "CHI"]
[SourceTitle "playchess.com"]
[Source "ChessBase"]
[SourceQuality "1"]
[TimeControl "5400+30"]

1. d4 Nf6 2. Bf4 g6 3. e3 Bg7 4. Nf3 O-O 5. Be2 d6 6. O-O Nbd7 7. Nbd2 b6 8. c3 Bb7 9. Rc1 Qe8 10. h3 e5 11. Bh2 e4 12. Ne1 Qe7 13. b3 a5 14. c4 Ne8 15. Nb1 f5 16. Nc3 g5 17. g3 Kh8 18. Ng2 Nef6 19. f4 exf3 20. Bxf3 Ne4 21. Nxe4 Bxe4 22. Bxe4 Qxe4 23. Qc2 Rae8 24. Qxe4 fxe4 25. Rxf8+ Rxf8 26. Rf1 Kg8 27. Rxf8+ Kxf8 28. Ne1 Ke7 29. Nc2 c6 30. Kf2 h5 31. Ke2 g4 32. h4 1/2-1/2

[Event "Chile Championship Women 2022"]
[Site "Las Condes"]
[Date "2022.02.24"]
[Round "8.3"]
[White "Rozas Lazcano, Valeska"]
[Black "Reyes Jara, Paula"]
[Result "1/2-1/2"]
[ECO "C54"]
[WhiteElo "1456"]
[BlackElo "1880"]
[Annotator "NA RC"]
[PlyCount "41"]
[EventDate "2022.02.18"]
[EventType "tourn"]
[EventCountry "CHI"]
[SourceTitle "playchess.com"]
[Source "ChessBase"]
[SourceQuality "1"]
[TimeControl "5400+30"]

1. e4 e5 2. Nf3 Nc6 3. Bc4 Bc5 4. c3 Nf6 5. d3 d6 6. h3 a6 7. b4 Ba7 8. Bb3 h6 9. Be3 Bxe3 10. fxe3 Qe7 11. Nbd2 Bd7 12. Qe2 Nh5 13. Qf2 g5 14. Nh2 Be6 (14... Rf8 $1 $14) 15. Rf1 (15. O-O $16) 15... O-O-O 16. O-O-O $11 Qd7 17. Qf3 Ng7 18. Qf6 Nh5 19. Qf3 Ng7 20. Qf6 Nh5 21. Qf3 1/2-1/2

[Event "Chile Championship Women 2022"]
[Site "Las Condes"]
[Date "2022.02.24"]
[Round "8.4"]
[White "Sanchez Tobar, Francisca Valentina"]
[Black "Gomez Barrera, Javiera Belen"]
[Result "1-0"]
[ECO "B51"]
[WhiteElo "1837"]
[BlackElo "2199"]
[Annotator "RC"]
[PlyCount "105"]
[EventDate "2022.02.18"]
[EventType "tourn"]
[EventCountry "CHI"]
[SourceTitle "playchess.com"]
[Source "ChessBase"]
[SourceQuality "1"]
[TimeControl "5400+30"]

1. e4 c5 2. Nf3 d6 3. Bb5+ Nd7 4. O-O a6 5. Be2 Ngf6 6. d3 g6 7. Re1 Bg7 8. Bf1 O-O 9. g3 e5 10. c4 b5 11. a3 Nb8 12. h3 Nc6 13. Be3 Rb8 14. b3 Ne8 15. Bg2 f5 16. Kh2 Kh8 17. Nc3 Bd7 18. Rc1 Nc7 19. Rf1 Ne6 20. Ng1 f4 21. Bd2 Ncd4 22. Rb1 bxc4 23. dxc4 Qe8 24. Nd5 Rxb3 25. Rxb3 Ba4 26. Rb8 Qxb8 27. Qxa4 f3 28. Bh1 g5 29. Qd1 Qb3 30. Qxb3 Nxb3 31. Be3 Ned4 32. Rb1 a5 33. Nxf3 Rxf3 34. Rxb3 Rxf2+ 35. Bxf2 Nxb3 36. Be3 Na1 37. Bxg5 Nc2 38. a4 Na3 39. Ne3 Kg8 40. Bd8 Bh6 41. Nf5 Bf8 42. Bxa5 Nxc4 43. Bc7 Na3 44. Bf3 c4 45. Ba5 Kf7 46. Be2 Kf6 47. Ne3 Bh6 48. Ng4+ Kg6 49. Nxh6 Kxh6 50. Bb4 Nc2 51. Bd2+ Kg6 52. Bxc4 Nd4 53. Kg2 1-0

[Event "Chile Championship Women 2022"]
[Site "Las Condes"]
[Date "2022.02.24"]
[Round "8.5"]
[White "Fuentes Inzunza, Lesly"]
[Black "Luna Benalcazar, Gianella"]
[Result "1/2-1/2"]
[ECO "A49"]
[WhiteElo "1816"]
[BlackElo "1736"]
[Annotator "NA RC"]
[PlyCount "72"]
[EventDate "2022.02.18"]
[EventType "tourn"]
[EventCountry "CHI"]
[SourceTitle "playchess.com"]
[Source "ChessBase"]
[SourceQuality "1"]
[TimeControl "5400+30"]

1. d4 Nf6 2. Nf3 g6 3. g3 Bg7 4. Bg2 O-O 5. O-O d6 6. h3 Nc6 7. c3 e5 8. dxe5 dxe5 9. Qa4 Bd7 10. Qh4 Ne8 $1 11. Rd1 Nd6 12. Na3 Re8 (12... Qxh4 $15 13. Nxh4 Rad8) 13. e4 Qxh4 14. Nxh4 Rad8 15. Be3 Bf6 16. Bc5 Be7 17. Bxd6 Bxd6 18. Nb5 Be6 19. Rd2 (19. Nxd6 $11 {remains equal.} Rxd6 20. Rxd6 cxd6 21. f4) 19... Be7 20. Rxd8 Bxd8 21. Nf3 $1 a6 22. Na3 Be7 23. Nc2 Rd8 24. g4 Bc5 25. Bf1 b5 ({Black should play} 25... f6 $17) 26. a4 bxa4 27. Bxa6 Rb8 28. Nce1 Bb3 $11 (28... a3 $15 {is more appropriate.} 29. bxa3 (29. b4 Nxb4 30. cxb4 Bxb4 $15) 29... Rb3) 29. Nd3 Bd6 30. Nd2 Bc2 31. Ra2 Rb6 32. Bc4 Na5 33. Ne1 Bd1 34. Bd3 Bc2 35. Bc4 Bf8 36. Ba6 Rb8 1/2-1/2

[Event "Chile Championship Women 2022"]
[Site "Las Condes"]
[Date "2022.02.25"]
[Round "9.2"]
[White "Reyes Jara, Paula"]
[Black "Sanchez Tobar, Francisca Valentina"]
[Result "0-1"]
[ECO "C54"]
[WhiteElo "1880"]
[BlackElo "1837"]
[Annotator "NA RC"]
[PlyCount "67"]
[EventDate "2022.02.18"]
[EventType "tourn"]
[EventCountry "CHI"]
[SourceTitle "playchess.com"]
[Source "ChessBase"]
[SourceQuality "1"]
[TimeControl "5400+30"]

1. e4 e5 2. Nf3 Nc6 3. Bc4 Bc5 4. c3 Nf6 5. d3 a6 6. Nbd2 d6 7. Bb3 Ba7 8. Nf1 h6 9. h3 Ne7 10. Be3 Ng6 11. Qd2 Be6 12. Bxa7 Rxa7 13. Ne3 Ra8 14. h4 Qd7 15. Qc2 O-O 16. O-O-O c5 (16... Bxb3 {should be considered.} 17. Qxb3 a5) 17. g3 (17. h5 $11 {was preferrable.} Ne7 18. Rh4) 17... Ne7 (17... Bxb3 $15 18. Qxb3 b5) 18. Rdg1 Ng4 19. Nxg4 Bxg4 20. Nh2 Kh8 ({Black should play} 20... Be6 $11) 21. f4 f5 22. Nxg4 fxg4 23. f5 d5 24. Qe2 d4 25. h5 dxc3 26. bxc3 b5 27. Be6 Qd8 (27... Qd6 $15) 28. Rh4 (28. Rf1 $15) 28... b4 29. Qc2 (29. Qd2 $1 $15) 29... Rb8 30. Rxg4 $2 (30. Bb3 {was the crucial defense.}) 30... Qa5 31. Bb3 bxc3 32. Kd1 Nc6 $19 33. Rg6 Nd4 34. Qc1 0-1

[Event "Chile Championship Women 2022"]
[Site "Las Condes"]
[Date "2022.02.26"]
[Round "9.4"]
[White "Lemus Pena, Macarena"]
[Black "Araos Diaz, Constanza Paz"]
[Result "1/2-1/2"]
[ECO "A15"]
[WhiteElo "1703"]
[BlackElo "1435"]
[Annotator "NA RC"]
[PlyCount "152"]
[EventDate "2022.02.18"]
[EventType "tourn"]
[EventCountry "CHI"]
[SourceTitle "playchess.com"]
[Source "ChessBase"]
[SourceQuality "1"]
[TimeControl "5400+30"]

1. Nf3 Nf6 2. c4 g6 3. b4 d6 4. g3 Bg7 5. Bb2 O-O 6. Bg2 Nbd7 7. O-O c5 8. b5 Qc7 9. d3 Rb8 10. Qb3 b6 11. Nc3 Bb7 12. a4 e6 13. e3 d5 14. Rfd1 Rfd8 15. cxd5 Nxd5 16. Nxd5 Bxd5 17. Qc2 Ne5 18. e4 Nxf3+ 19. Bxf3 Bxb2 20. Qxb2 Bb7 21. Rac1 Qe7 22. Rc4 Rd7 23. Rd2 Rbd8 24. Qc3 Rd4 25. Rxd4 Rxd4 26. Ra2 Qd7 27. Be2 e5 28. f3 f5 29. Rc2 Kg7 30. Kg2 Qd6 31. a5 Bc8 32. axb6 axb6 33. Ra2 Bd7 34. exf5 Bxf5 35. Ra7+ Bd7 36. Qa1 Qe6 37. Bf1 Kf6 38. Qc1 Bxb5 39. Rxh7 Rd7 40. Qh6 Rxh7 41. Qxh7 Qd7 42. Qh8+ Ke6 43. Kh1 Kd6 44. Qb8+ Qc7 45. Qg8 Qe7 46. Qb8+ Qc7 47. Qg8 Qe7 48. Qxg6+ Qe6 49. Qg5 Qe7 50. Qh6+ Qe6 51. Qf8+ Qe7 52. Qb8+ Qc7 53. Qg8 Qe7 54. h4 Qf6 55. Be2 Bc6 56. Kg2 b5 57. Qb8+ Kd5 58. Qa7 Kd4 59. Kf2 Qh6 60. Qa1+ Kd5 61. Qb2 Qf6 62. Bf1 Kd6 63. Bg2 Qf5 64. Qb3 b4 65. Qd1 Bb5 66. Bf1 Qe6 67. d4 Qa2+ 68. Kg1 Bxf1 69. dxc5+ Kxc5 70. Qxf1 Qf7 71. Qe2 Qd5 72. Qc2+ Qc4 73. Qa4 Qc1+ 74. Kf2 Qd2+ 75. Kf1 Qd3+ 76. Kf2 Qd2+ 1/2-1/2

[Event "Chile Championship Women 2022"]
[Site "Las Condes"]
[Date "2022.02.26"]
[Round "10.1"]
[White "Araos Diaz, Constanza Paz"]
[Black "Vildosola Canales, Melany Selena"]
[Result "0-1"]
[ECO "D02"]
[WhiteElo "1435"]
[BlackElo "1645"]
[Annotator "NA RC"]
[PlyCount "92"]
[EventDate "2022.02.18"]
[EventType "tourn"]
[EventCountry "CHI"]
[SourceTitle "playchess.com"]
[Source "ChessBase"]
[SourceQuality "1"]
[TimeControl "5400+30"]

1. d4 Nf6 2. Bf4 g6 3. e3 d5 4. Nf3 Bg7 5. Be2 c5 6. c3 O-O 7. O-O Nbd7 8. Nbd2 Re8 9. h3 b6 10. Ne5 Bb7 11. Bh2 a6 12. f4 Nf8 13. g4 N6d7 14. Nxd7 Nxd7 15. Nf3 Nf6 16. Ne5 Ne4 17. f5 f6 18. Nd3 e5 19. fxe6 Rxe6 20. Kg2 Nd6 21. dxc5 Nc4 22. Bg1 Rxe3 23. Bf3 Re7 24. b3 Ne3+ 25. Bxe3 Rxe3 26. Nf4 bxc5 27. Bxd5+ Bxd5+ 28. Nxd5 Re6 29. Rc1 Rd6 30. c4 Rb8 31. Qe2 Qd7 32. Rce1 Kf7 33. Qf2 Qd8 34. Qxc5 Rc8 35. Qa7+ Rd7 36. Qxa6 Rxd5 37. Qe6+ Kf8 38. cxd5 Rc2+ 39. Rf2 Rxf2+ 40. Kxf2 f5 41. Kg2 Bd4 42. Rc1 Kg7 43. Rc8 Qh4 44. Qg8+ Kh6 45. Rc7 Qf2+ 46. Kh1 Qg1# 0-1

[Event "Chile Championship Women 2022"]
[Site "Las Condes"]
[Date "2022.02.26"]
[Round "10.2"]
[White "Rozas Lazcano, Valeska"]
[Black "Lemus Pena, Macarena"]
[Result "1-0"]
[ECO "B30"]
[WhiteElo "1456"]
[BlackElo "1703"]
[Annotator "NA RC"]
[PlyCount "49"]
[EventDate "2022.02.18"]
[EventType "tourn"]
[EventCountry "CHI"]
[SourceTitle "playchess.com"]
[Source "ChessBase"]
[SourceQuality "1"]
[TimeControl "5400+30"]

1. e4 c5 2. Nc3 Nc6 3. Bb5 Nd4 4. Nf3 e6 5. a4 a6 6. Bc4 Ne7 7. Nxd4 cxd4 8. Ne2 Nc6 9. d3 Be7 10. Bd2 O-O 11. O-O Kh8 12. a5 f5 13. f4 b5 14. axb6 fxe4 15. dxe4 Qxb6 16. Kh1 Bb7 17. Ng3 Bh4 18. Qg4 Bxg3 19. Qxg3 Nb4 20. Qb3 a5 21. c3 dxc3 22. bxc3 Qd6 23. Be3 Nc6 24. Qxb7 Rfb8 25. e5 1-0

[Event "Chile Championship Women 2022"]
[Site "Las Condes"]
[Date "2022.02.26"]
[Round "10.3"]
[White "Sanchez Tobar, Francisca Valentina"]
[Black "Morales Flores, Monserrat"]
[Result "1/2-1/2"]
[ECO "B40"]
[WhiteElo "1837"]
[BlackElo "1943"]
[Annotator "ChessBase"]
[PlyCount "32"]
[EventDate "2022.02.18"]
[EventType "tourn"]
[EventCountry "CHI"]
[SourceTitle "playchess.com"]
[Source "ChessBase"]
[SourceQuality "1"]
[TimeControl "5400+30"]

1. e4 c5 2. Nf3 e6 3. g3 d5 4. exd5 exd5 5. d4 cxd4 6. Nxd4 Nc6 7. Bg2 Bc5 8. Nb3 Qe7+ 9. Qe2 Bb6 10. c3 Qxe2+ 11. Kxe2 Nf6 12. Be3 Bg4+ 13. f3 Bxe3 14. Kxe3 O-O-O 15. Ke2 Rhe8+ 16. Kf2 a6 1/2-1/2

[Event "Chile Championship Women 2022"]
[Site "Las Condes"]
[Date "2022.02.26"]
[Round "10.4"]
[White "Fuentes Inzunza, Lesly"]
[Black "Reyes Jara, Paula"]
[Result "1-0"]
[ECO "A49"]
[WhiteElo "1816"]
[BlackElo "1880"]
[Annotator "NA RC"]
[PlyCount "93"]
[EventDate "2022.02.18"]
[EventType "tourn"]
[EventCountry "CHI"]
[SourceTitle "playchess.com"]
[Source "ChessBase"]
[SourceQuality "1"]
[TimeControl "5400+30"]

1. d4 Nf6 2. Nf3 g6 3. g3 Bg7 4. Bg2 O-O 5. O-O d6 6. Re1 Nbd7 7. e4 e5 8. c3 b6 9. Nbd2 Bb7 10. Qc2 c5 (10... Re8 $11) 11. d5 $1 Qc7 12. a4 Ne8 13. Nc4 Ndf6 14. Nh4 Qd7 15. Bg5 Ba6 16. Bf1 Bc8 17. f3 h6 18. Bc1 ({White should try} 18. Be3 $16) 18... Nh5 (18... Nh7 $14) 19. Ne3 Qe7 20. Ng4 Kh7 21. Bd3 ({Better is} 21. Nf2 $16) 21... Nef6 (21... Nf4 $14) 22. Nxf6+ Bxf6 23. Ng2 Bg5 24. Bxg5 Qxg5 25. Qc1 Qf6 26. Qe3 g5 27. a5 Bd7 28. c4 Rfb8 29. Qf2 (29. Qe2 $14) 29... bxa5 30. Rxa5 Rb3 31. Re3 {[%emt 0:01:29] [#]} (31. Qe2 $14) 31... Qd8 (31... Nf4 $1 $15 32. Qd2 (32. gxf4 gxf4 33. Re1 Rxd3 $17) 32... Nh3+ 33. Kh1 Rab8) 32. Ra3 Qb6 33. Rxb3 Qxb3 34. Bf1 Qb7 35. f4 Bg4 $2 (35... gxf4 $11 {and Black is okay.} 36. gxf4 exf4 37. Nxf4 Nxf4) 36. fxe5 dxe5 37. Be2 Bxe2 38. Qf5+ ({But not} 38. Qxe2 $6 Ng7 39. Rf3 Rb8 $16) 38... Kg8 39. Rxe2 Qa6 (39... Ng7 {might work better.} 40. Qf3 (40. Qxe5 Qb3 $16) 40... Rf8) 40. Rf2 ({Not} 40. Qxe5 Qxc4 41. Rf2 Qd3 $16) 40... Rf8 41. Ne3 Qa1+ 42. Kg2 Qe1 43. Ng4 Kg7 44. Nxe5 Kh8 {[%emt 0:02:27] [#]} 45. Nxf7+ $18 (45. Ng6+ $142 $1 Kg8 46. Nxf8 Nf4+ 47. gxf4 Qc1 48. Nd7 gxf4 49. Ne5 f3+ 50. Kxf3) 45... Kg7 46. Qe5+ Kg6 47. Qe6+ 1-0

[Event "Chile Championship Women 2022"]
[Site "Las Condes"]
[Date "2022.02.27"]
[Round "11.1"]
[White "Reyes Jara, Paula"]
[Black "Luna Benalcazar, Gianella"]
[Result "1-0"]
[ECO "B06"]
[WhiteElo "1880"]
[BlackElo "1736"]
[Annotator "NA"]
[PlyCount "94"]
[EventDate "2022.02.18"]
[EventType "tourn"]
[EventCountry "CHI"]
[SourceTitle "playchess.com"]
[Source "ChessBase"]
[SourceQuality "1"]
[TimeControl "5400+30"]

1. e4 g6 2. Nf3 Bg7 3. Bc4 c6 4. e5 d5 5. exd6 Qxd6 6. O-O Nf6 7. d4 O-O 8. Re1 Bg4 9. c3 Nbd7 10. h3 Bxf3 11. Qxf3 e5 12. Be3 e4 (12... Nd5 {feels stronger.}) 13. Qf4 Qe7 14. Qh4 Rfe8 {[%emt 0:54:43] [#]} 15. Nd2 (15. Bg5 $1 $16) 15... Nd5 (15... Nb6 $1 $14) 16. Bg5 Qf8 (16... f6 $142) 17. Nxe4 ({Much less strong is} 17. Rxe4 h6 $14) 17... f5 {[%emt 0:00:00] [#]} 18. Ng3 (18. f3 $1 $18) 18... N7b6 19. Bb3 Kh8 20. Nf1 c5 (20... Nf6 $142 21. Nd2 a5) 21. dxc5 Qxc5 22. Rad1 a5 23. Ne3 Re4 24. g4 Nxe3 25. Bxe3 Qb5 $2 (25... Qc7 26. Bc2 Re5 27. gxf5 gxf5) 26. Rd8+ Rxd8 27. Qxd8+ Qe8 28. Qxb6 (28. Rd1 $142) 28... f4 {[%emt 0:00:00] [#]} 29. Kg2 $1 a4 30. Bc2 Re6 31. Qxb7 $2 (31. Bd2 f3+ 32. Kg3 Qb8+ 33. Bf4 Qxf4+ 34. Kxf4 Rxb6 35. Re8+ Bf8 36. Rxf8+ Kg7 37. Rb8) 31... Re7 32. Qb4 fxe3 33. Rxe3 Qa8+ 34. Be4 Qe8 35. Bxg6 Qa8+ 36. Be4 Qa7 37. Qc4 Rc7 38. Qd5 Rf7 39. Bf5 Rf8 40. Qc6 a3 41. b3 Qa5 42. Rf3 Qe5 43. Qa6 Rd8 44. Qxa3 h5 45. Qa7 hxg4 46. hxg4 Qd5 47. Qe3 $18 (47. Qe7 $142 Qxf3+ 48. Kxf3 Rb8 49. Kg2 Ra8 50. Qf7 Rf8 51. Qh5+ Kg8 52. Bh7+ Kh8 53. Bg6+ Bh6 54. Qxh6+ Kg8 55. Qh7#) 47... Rb8 1-0

[Event "Chile Championship Women 2022"]
[Site "Las Condes"]
[Date "2022.02.27"]
[Round "11.2"]
[White "Morales Flores, Monserrat"]
[Black "Fuentes Inzunza, Lesly"]
[Result "1-0"]
[ECO "B15"]
[WhiteElo "1943"]
[BlackElo "1816"]
[Annotator "ChessBase"]
[PlyCount "57"]
[EventDate "2022.02.18"]
[EventType "tourn"]
[EventCountry "CHI"]
[SourceTitle "playchess.com"]
[Source "ChessBase"]
[SourceQuality "1"]
[TimeControl "5400+30"]

1. e4 c6 2. d4 d5 3. Nc3 dxe4 4. Nxe4 Nf6 5. Nxf6+ exf6 6. c3 Bf5 7. Nf3 Bd6 8. Be2 h6 9. Be3 Nd7 10. Nh4 Be4 11. Bd3 Bxd3 12. Qxd3 Nf8 13. Nf5 Ne6 14. d5 Be5 15. O-O-O Qxd5 16. Qxd5 cxd5 17. Rxd5 Nf4 18. Bxf4 Bxf4+ 19. Kc2 g6 20. Nd4 O-O 21. Rd7 Rab8 22. g3 Be5 23. Nb3 Rfc8 24. f4 Bc7 25. Re1 Bd8 26. Re8+ Kg7 27. Nd4 f5 28. Ne6+ Kf6 29. Nxd8 1-0

[Event "Chile Championship Women 2022"]
[Site "Las Condes"]
[Date "2022.02.27"]
[Round "11.3"]
[White "Lemus Pena, Macarena"]
[Black "Sanchez Tobar, Francisca Valentina"]
[Result "1-0"]
[ECO "A15"]
[WhiteElo "1703"]
[BlackElo "1837"]
[Annotator "NA"]
[PlyCount "111"]
[EventDate "2022.02.18"]
[EventType "tourn"]
[EventCountry "CHI"]
[SourceTitle "playchess.com"]
[Source "ChessBase"]
[SourceQuality "1"]
[TimeControl "5400+30"]

1. Nf3 Nf6 2. c4 g6 3. b4 Bg7 4. Bb2 c6 5. Nc3 O-O 6. g3 d5 7. d3 Qd6 8. a3 Nbd7 9. cxd5 Nxd5 10. Ne4 Qc7 11. Bxg7 Kxg7 12. Rc1 N7f6 13. Bg2 Rd8 14. Nxf6 Nxf6 15. Qb3 a5 16. Ng5 e6 17. Qc3 axb4 18. axb4 Qe7 19. Ne4 e5 20. Nxf6 Qxf6 21. O-O Be6 22. f4 exf4 23. Qxf6+ Kxf6 24. Rxf4+ Kg7 25. b5 cxb5 26. Rb1 Ra2 27. Bf3 Ra5 28. Bxb7 Rb8 29. Bf3 Rb6 30. Kf2 Ra2 31. Ke3 h5 32. Rfb4 Bd7 33. Bd5 Rc2 34. Bb3 Rc7 35. Kd2 Rf6 36. Rf4 Be8 (36... Rxf4 $11 37. gxf4 Rc6) 37. Rbf1 (37. Rxf6 $14 Kxf6 38. Ra1) 37... Rd6 38. Ra1 Rf6 39. Ra8 Bd7 40. Ra1 g5 41. Rxf6 Kxf6 42. Rf1+ Ke5 43. Rxf7 Kd6 44. Rf1 (44. e4 $142) 44... Bg4 45. e4 Ke5 46. Rc1 $2 (46. Rf8 $18) 46... Rxc1 47. Kxc1 Kd4 $11 48. Kd2 b4 49. Bd1 b3 50. Bxg4 hxg4 51. Kc1 Kxd3 52. e5 Ke3 53. e6 Kf2 54. e7 Kg2 55. e8=Q Kxh2 56. Qe3 1-0

[Event "Chile Championship Women 2022"]
[Site "Las Condes"]
[Date "2022.02.27"]
[Round "11.4"]
[White "Vildosola Canales, Melany Selena"]
[Black "Rozas Lazcano, Valeska"]
[Result "1/2-1/2"]
[ECO "B42"]
[WhiteElo "1645"]
[BlackElo "1456"]
[Annotator "NA"]
[PlyCount "101"]
[EventDate "2022.02.18"]
[EventType "tourn"]
[EventCountry "CHI"]
[SourceTitle "playchess.com"]
[Source "ChessBase"]
[SourceQuality "1"]
[TimeControl "5400+30"]

1. e4 c5 2. Nf3 e6 3. d4 cxd4 4. Nxd4 a6 5. Bd3 Nc6 6. Nxc6 bxc6 7. c4 d6 8. Nc3 Nf6 9. O-O Be7 10. b3 Qc7 11. Bb2 e5 12. Rc1 Qa7 13. Kh1 g5 14. Be2 Be6 15. Ba3 Rd8 16. Qd2 h6 17. Qc2 a5 18. Rcd1 Kf8 19. c5 d5 20. exd5 Nxd5 21. Nxd5 Bxd5 22. Bh5 Qd7 23. Qc3 Qf5 24. f3 Kg7 25. Bg4 Qf6 26. Bb2 Qg6 27. Qxe5+ Bf6 28. Qxf6+ Qxf6 29. Bxf6+ Kxf6 30. f4 Rhe8 31. fxg5+ Kxg5 32. h3 Re5 33. Kh2 Rb8 34. Rd4 f5 35. h4+ Kg6 36. Bd1 Re4 37. Rf4 Rxd4 38. Rxd4 Rb5 39. Kg3 Rxc5 40. Bf3 Rc3 41. Kf4 Rc2 42. Bxd5 cxd5 43. Rxd5 Rxa2 44. g3 Rf2+ 45. Ke3 Rb2 46. Kf4 Rxb3 47. Rxa5 Rb4+ 48. Kf3 Rb3+ 49. Kf4 Rb4+ 50. Kf3 Rb3+ 51. Kf4 1/2-1/2

[Event "Chile Championship Women 2022"]
[Site "Las Condes"]
[Date "2022.02.27"]
[Round "11.5"]
[White "Toro Pradenas, Maria Jose"]
[Black "Araos Diaz, Constanza Paz"]
[Result "1-0"]
[ECO "B01"]
[WhiteElo "1979"]
[BlackElo "1435"]
[Annotator "ChessBase"]
[PlyCount "59"]
[EventDate "2022.02.18"]
[EventType "tourn"]
[EventCountry "CHI"]
[SourceTitle "playchess.com"]
[Source "ChessBase"]
[SourceQuality "1"]
[TimeControl "5400+30"]

1. e4 d5 2. exd5 Qxd5 3. Nc3 Qd6 4. d4 Nf6 5. Nf3 Bg4 6. h3 Bxf3 7. Qxf3 c6 8. Be3 g6 9. O-O-O Nd5 10. Ne4 Qc7 11. Bc4 Bg7 12. Ng5 e6 13. h4 Nf6 14. Bxe6 fxe6 15. Nxe6 Qd7 16. Bg5 Qf7 17. Rhe1 Kd7 18. Nxg7 Qxg7 19. Bxf6 Qh6+ 20. Bg5 Qf8 21. Re7+ Kc8 22. Qg4+ Qf5 23. Qg3 Na6 24. Rde1 Qf8 25. Qd6 Qd8 26. Qe6+ Kb8 27. Bf4+ Nc7 28. Rxc7 Qxc7 29. Qe8+ Rxe8 30. Rxe8# 1-0